 Dungeon Crawl Stone Soup version 0.18.1-50-g88ac8fd (webtiles) character file.

79 vonhedlund the Skirmisher (level 4, 0/41 HPs)
             Began as a Hill Orc Gladiator on Sept 5, 2016.
             Slain by an orc wizard
             ... wielding a +3 dagger
              (1 damage)
             ... on level 4 of the Dungeon on Oct 5, 2016.
             The game lasted 00:10:53 (1931 turns).

vonhedlund the Skirmisher (Hill Orc Gladiator)      Turns: 1931, Time: 00:10:54

Health: 0/41       AC:  6    Str: 18    XL:     4   Next: 38%
Magic:  4/4        EV: 12    Int:  8    God:
Gold:   128        SH:  0    Dex: 11    Spells: 0 memorised, 3 levels left

rFire  . . .     SeeInvis .     a - +0 war axe
rCold  . . .     Gourm    .     b - +0 leather armour
rNeg   . . .     Faith    .     (no shield)
rPois  .         Spirit   .     c - +0 helmet
rElec  .         Dismiss  .     q - +0 cloak
rCorr  .         Reflect  .     (no gloves)
SustAt .         Harm     .     v - +0 pair of boots
MR     .....                    (no amulet)
Stlth  +.........               (no ring)
                                (no ring)

@: not resistant to hostile enchantments, very unstealthy
A: no striking features
a: no special abilities


You were on level 4 of the Dungeon.
You were hungry.

You visited 2 branches of the dungeon, and saw 5 of its levels.

You collected 128 gold pieces.

Inventory:

Hand Weapons
 a - a +0 war axe (weapon)
Missiles
 d - 3 throwing nets (quivered)
 o - 15 arrows
 w - 7 javelins
Armour
 b - a +0 leather armour (worn)
 c - a +0 helmet (worn)
 q - a +0 cloak (worn)
 v - a +0 pair of boots (worn)
Jewellery
 g - an uncursed ring of see invisible {unknown}
Scrolls
 i - 2 scrolls of teleportation {unknown}
 j - 4 scrolls of identify {unknown}
 m - 3 scrolls of remove curse {unknown}
 r - a scroll of fog {unknown}
 s - a scroll of blinking {unknown}
Potions
 e - 2 potions of brilliance {unknown}
 h - a potion of degeneration {unknown}
 k - a potion of resistance {unknown}
 l - a potion of curing {unknown}
 p - a potion of magic {unknown}
 t - 2 potions of flight {unknown}
Comestibles
 f - 3 bread rations
 n - 3 meat rations
 u - 4 fruits


   Skills:
 + Level 4.5 Fighting
 - Level 4.4 Axes
 - Level 1.9 Throwing
 - Level 1.0 Armour
 - Level 2.6 Dodging


You had 3 spell levels left.
You didn't know any spells.

Dungeon Overview and Level Annotations

Branches:
Dungeon (4/15)             Temple (1/1) D:4

Altars:
Ashenzari
Cheibriados
Dithmenos
Elyvilon
Fedhas
Kikubaaqudgha
Makhleb
Nemelex Xobeh
Qazlal
Sif Muna
Trog
Xom
The Shining One

Annotations:
D:3 Xiguana's ghost, amateur NaMo


Message History

You bump into the rock wall.
You feel less confused. The orc wizard casts a spell at you.
The puff of flame hits you!
* * * LOW HITPOINT WARNING * * *
The orc hits you but does no damage.
You closely miss the orc wizard.
The orc wizard is severely wounded.
You completely miss the orc.
The orc is heavily wounded.
The orc wizard barely misses you. The orc hits you but does no damage.
You barely miss the orc wizard.
The orc wizard is severely wounded.
The orc wizard hits you with an enchanted dagger.
* * * LOW HITPOINT WARNING * * *
The orc wizard hits you but does no damage.
You hit the orc wizard but do no damage.
The orc wizard is severely wounded.
The orc wizard hits you with an enchanted dagger.
You die...

##.##...... #.#
#.### #.# .#
#.####.#
####......#
#........##
#)#.##.#.# #
#.#......####.##
#.#.§§...@ooo..#
#.#.§§§..###....#
#.#.§.§..#
.......
#........#
....###
####..#### #.###
#.## .# ...# .#
.## +#


You could see an orc wizard and 2 orcs.

Vanquished Creatures
  A worker ant (D:4)
  A howler monkey skeleton (D:4)
  2 worms (D:2)
  A giant gecko (D:3)
  2 orcs
  3 giant cockroaches
  4 goblins
  5 hobgoblins
  2 jackals (D:1)
  3 kobolds
  A quokka (D:3)
  A ball python (D:3)
  4 bats (D:1)
  4 giant newts
  2 rats
36 creatures vanquished.

Notes
Turn   | Place    | Note
--------------------------------------------------------------
     0 | D:1      | vonhedlund the Hill Orc Gladiator began the quest for the Orb.
     0 | D:1      | Reached XP level 1. HP: 18/18 MP: 1/1
    36 | D:1      | Upgraded the game from 0.18.1-48-g4cf74bf to 0.18.1-50-g88ac8fd
   161 | D:1      | Reached XP level 2. HP: 25/25 MP: 2/2
   303 | D:1      | Found a sparkling altar of Nemelex Xobeh.
   890 | D:2      | Reached skill level 1 in Armour
   979 | D:2      | Reached XP level 3. HP: 19/30 MP: 3/3
  1429 | D:3      | Noticed Xiguana's ghost (amateur NaMo)
  1646 | D:4      | Noticed an ogre
  1777 | D:4      | Found a staircase to the Ecumenical Temple.
  1797 | D:4      | Reached XP level 4. HP: 18/41 MP: 4/4
  1805 | Temple   | Entered the Ecumenical Temple
  1930 | D:4      | HP: 1/41 [orc wizard/enchanted dagger (4)]
  1931 | D:4      | Slain by an orc wizard

Skill      XL: |  1  2  3 |
---------------+----------+-----
Armour         | 1 |  1.0
Fighting       | 4 |  4.5
Axes           | |  4.4
Throwing       | |  1.9
Dodging        | |  2.6

Action                   |  1- 3 |  4- 6 || total
-------------------------+-------+-------++-------
Melee: War axe           |   119 |    12 ||   131
  Eat: Chunk             |     2 |       ||     2
       Fruit             |     1 |       ||     1
Armor: Leather armour    |    40 |     8 ||    48
Dodge: Dodged            |    72 |    16 ||    88
